Map: Triton LE

Players

Clem - Winner!

  • Race: Terran Terran
  • Spawn Location: 5:00

Marsman

  • Race: Protoss Protoss
  • League: Diamond
  • Spawn Location: 11:00

Event: IEM Katowice 2020

VOD

Have the link to the VOD?

Description

Time

  • Played on: Feb. 25, 2020, 4:12 a.m.
  • Length: 8:51

All games in this series

Show
View Real Time Build Order
Export as new Build Order

Clem Terran - Winner!

Build Orders: Reaper Expand 

Get SALT Encoding   

  12  0:00  SCV  
  13  0:12  SCV  
  14  0:17  Supply Depot  
  14  0:24  SCV  
  15  0:38  SCV  
  15  0:41  Barracks  
  16  0:44  Refinery  
  16  0:50  SCV  
  17  1:03  SCV  
  18  1:15  SCV  
  19  1:29  Reaper, Orbital Command  
  20  1:42  Command Center  
  20  1:48  Supply Depot  
  20  1:54  SCV  
  21  2:01  Marine  
  21  2:07  SCV  
  23  2:10  Factory  
  23  2:16  Refinery  
  23  2:21  Barracks Reactor  
  22  2:23  SCV  
  23  2:35  Bunker  
  23  2:36  SCV  
  24  2:48  SCV  
  25  2:55  Orbital Command  
  25  3:00  SCV, Starport  
  25  3:01  Hellion  
  25  3:03  Marine  
  28  3:06  Marine  
  29  3:13  SCV  
  30  3:21  SCV  
  30  3:22  Marine, Factory Tech Lab  
  30  3:24  Marine  
  30  3:25  SCV  
  34  3:30  Supply Depot  
  34  3:33  SCV  
  35  3:37  SCV  
  35  3:39  Marine  
  37  3:42  Marine  
  37  3:43  Raven  
  37  3:45  SCV  
  37  3:46  Factory Tech Lab  
  41  3:50  SCV  
  41  3:51  Supply Depot  
  42  4:01  SCV  
  43  4:03  SCV  
  43  4:09  Marine x2, Siege Tank  
  46  4:13  SCV  
  46  4:16  SCV  
  49  4:17  Barracks  
  49  4:19  Barracks  
  49  4:27  Viking  
  49  4:28  SCV, Marine x2  
  54  4:35  SCV  
  54  4:37  Supply Depot  
  55  4:40  SCV  
  55  4:41  Refinery  
  56  4:46  Marine x2  
  56  4:47  SCV, Siege Tank  
  62  4:53  Engineering Bay  
  62  4:59  SCV  
  63  5:03  Supply Depot  
  63  5:04  Marine, SCV  
  66  5:08  Starport Reactor  
  66  5:11  SCV, Barracks Tech Lab  
  65  5:16  Marine  
  65  5:17  SCV  
  65  5:19  Stimpack  
  67  5:21  Marine  
  67  5:22  Marine  
  67  5:23  Terran Infantry Weapons Level 1  
  67  5:27  Supply Depot  
  67  5:28  SCV  
  70  5:29  SCV  
  70  5:31  Marine  
  70  5:32  Refinery  
  70  5:33  Marine  
  70  5:34  Supply Depot  
  70  5:35  Combat Shield  
  73  5:39  Marine  
  73  5:41  SCV x2  
  76  5:43  Supply Depot  
  76  5:44  Marauder  
  78  5:51  Marine, Marauder  
  78  5:55  Supply Depot  
  78  5:56  Medivac  
  83  5:57  Marine  
  84  6:05  Supply Depot, Marauder  
  84  6:06  Medivac  
  84  6:09  Marine  
  89  6:15  Marine  
  89  6:18  Siege Tank  
  93  6:21  SCV x2, Command Center  
  96  6:27  Marauder  
  96  6:29  Marine  
  100  6:32  Marauder  
  100  6:33  Marine  
  100  6:35  SCV  
  101  6:42  Barracks  
  101  6:43  Barracks  
  101  6:46  SCV  
  100  6:47  SCV  
  100  6:48  Marauder  
  97  6:58  SCV  
  97  7:00  SCV  
  94  7:09  Missile Turret  
  94  7:10  SCV  
  94  7:16  Marine, Missile Turret  
  94  7:17  Marine  
  94  7:18  SCV  
  97  7:23  SCV  
  97  7:27  Siege Tank  
  101  7:32  Supply Depot  
  101  7:34  SCV  
  101  7:36  Barracks Tech Lab  
  102  7:37  Barracks Reactor  
  102  7:39  SCV  
  103  7:44  Marine x2  
  103  7:50  Marauder  
  103  7:51  SCV  
  106  7:55  SCV, Marauder x2  
  106  7:58  Medivac  
  111  8:00  Medivac  
  111  8:04  Marine x2  
  116  8:05  SCV  
  116  8:08  Orbital Command  
  108  8:14  Marine  
  108  8:15  Marine  
  108  8:17  Siege Tank  
  108  8:19  SCV, Marauder  
  111  8:20  SCV  
  111  8:24  Marine x2  
  113  8:31  Missile Turret  
  113  8:33  SCV  
  113  8:37  SCV  
Show
View Real Time Build Order
Export as new Build Order

Marsman Protoss 

Build Orders: 1 Gate Expand, Blink Stalkers, Colossus Rush, Dark Templar Rush 

Get SALT Encoding   

  12  0:00  Probe  
  13  0:12  Probe  
  14  0:17  Pylon  
  14  0:25  Probe  
  15  0:36  Gateway  
  15  0:38  Probe (Chrono Boost)  
  16  0:44  Assimilator  
  17  0:50  Probe (Chrono Boost)  
  17  0:55  Probe (Chrono Boost)  
  18  1:05  Probe  
  19  1:17  Probe  
  20  1:23  Cybernetics Core  
  20  1:32  Nexus  
  20  1:45  Assimilator  
  20  1:47  Probe, Pylon  
  21  1:56  Adept (Chrono Boost)  
  23  2:01  Warp Gate  
  23  2:05  Probe  
  24  2:17  Probe  
  24  2:23  Stalker  
  24  2:29  Probe  
  27  2:32  Twilight Council  
  27  2:41  Probe  
  28  2:45  Probe  
  28  3:01  Probe x2 (Chrono Boost)  
  30  3:11  Probe x2 (Chrono Boost), Robotics Facility  
  32  3:16  Probe x2 (Chrono Boost)  
  34  3:22  Dark Shrine  
  34  3:27  Probe x2  
  34  3:28  Pylon  
  36  3:37  Blink (Chrono Boost)  
  36  3:39  Probe  
  36  3:40  Probe  
  38  3:47  Gateway  
  38  3:50  Gateway  
  38  3:52  Probe x2  
  40  4:04  Probe x2  
  40  4:14  Assimilator  
  40  4:15  Assimilator, Dark Shrine, Stalker  
  40  4:16  Probe x2  
  45  4:17  Observer  
  45  4:23  Pylon  
  45  4:28  Probe x2  
  45  4:30  Pylon  
  47  4:37  Warp Prism (Chrono Boost)  
  47  4:40  Probe, Pylon  
  47  4:44  Stalker  
  53  4:45  Probe  
  53  4:52  Probe, Stalker  
  56  4:57  Probe  
  56  4:59  Stalker  
  59  5:04  Probe, Observer  
  59  5:06  Observer (Chrono Boost)  
  61  5:09  Probe  
  61  5:13  Robotics Bay  
  62  5:16  Probe  
  63  5:21  Pylon  
  63  5:22  Probe  
  63  5:26  Observer (Chrono Boost)  
  64  5:30  Probe  
  64  5:32  Nexus  
  64  5:34  Pylon  
  65  5:42  Dark Templar  
  67  5:45  Dark Templar  
  67  5:46  Probe  
  67  5:47  Probe  
  71  5:55  Forge  
  71  5:58  Probe  
  71  5:59  Colossus (Chrono Boost)  
  78  6:11  Extended Thermal Lance  
  78  6:12  Gateway  
  78  6:13  Probe  
  78  6:14  Probe  
  80  6:19  Gateway  
  80  6:26  Charge, Gateway  
  80  6:42  Colossus (Chrono Boost)  
  80  6:46  Zealot x3  
  92  6:58  Pylon  
  90  7:04  Probe x3  
  91  7:09  Zealot  
  91  7:10  Zealot x3  
  99  7:16  Probe x2  
  101  7:25  Gateway, Sentry x2  
  101  7:27  Gateway  
  101  7:28  Probe x2  
  107  7:32  Stalker x2  
  107  7:33  Zealot x2  
  113  7:38  Probe  
  113  7:43  Templar Archives  
  114  7:45  Forge  
  114  7:51  Zealot x2  
  110  7:56  Zealot x4  
  102  8:04  Probe  
  91  8:14  Zealot x2  
  91  8:16  Dark Templar  
  91  8:17  Dark Templar  
  91  8:19  Zealot x2  
  70  8:31  Dark Templar  
  70  8:33  Dark Templar  
  59  8:35  Dark Templar  
  59  8:37  Probe  
  56  8:43  Dark Templar  

Tags
 
Add a new tag
Caveats
  • Supply blocks, unpowered buildings, or Contaminate may cause inaccurate times.
  • Supply counts are checked every 10 seconds.